[Event "ICCopen2016"]
[Site "Internet Chess Club"]
[Date "2016.06.03"]
[Round "1"]
[White "JUGGERNOT"]
[Black "Sebs"]
[Result "0-1"]
[ICCResult "White forfeits on time"]
[WhiteElo "1834"]
[BlackElo "3009"]
[Opening "Bird's opening"]
[ECO "A03"]
[NIC "VO.07"]
[Time "19:03:10"]
[TimeControl "180+0"]

1. f4 d5 2. Nf3 Nf6 3. e3 c6 4. Be2 g6 5. O-O Bg7 6. d3 O-O 7. Qe1 Nbd7 8.
Nc3 Qc7 9. Qh4 e5 10. fxe5 Nxe5 11. Kh1 Bf5 12. e4 dxe4 13. dxe4 Be6 14. Bg5
Nfd7 15. Bf4 Nxf3 16. Rxf3 Qb6 17. b3 h5 18. Na4 Qa5 19. Re1 Ne5 20. Bxe5
Qxe5 21. Bd3 b5 22. Ref1 bxa4 23. bxa4 Bxa2 24. c4 Rad8 25. Qe1 Rxd3 26.
Rxd3 Bxc4 27. Rd7 Bxf1 28. Qxf1 Qxe4 29. Rxa7 c5 30. h3 c4 31. Rc7 c3 32.
Rc4 Qe3 33. a5 Qd2 34. a6 c2 35. a7 Qd1 36. Kg1 Bh6 {White forfeits on time}
0-1

[Event "ICCopen2016"]
[Site "Internet Chess Club"]
[Date "2016.06.03"]
[Round "1"]
[White "DukeBishop"]
[Black "B-Alqudaimi"]
[Result "0-1"]
[ICCResult "White forfeits on time"]
[WhiteElo "1636"]
[BlackElo "2523"]
[Opening "English: three knights system"]
[ECO "A27"]
[NIC "EO.19"]
[Time "19:03:03"]
[TimeControl "180+0"]

1. c4 e5 2. Nc3 Nc6 3. Nf3 g6 4. g3 Bg7 5. Bg2 Nge7 6. O-O O-O 7. e3 d5 8.
cxd5 Nxd5 9. d4 exd4 10. Nxd4 Nxd4 11. Bxd5 Ne6 12. Bg2 c6 13. Qc2 Ng5 14.
Rd1 Qe7 15. b3 Bg4 16. Rf1 Bf5 17. e4 Nxe4 18. Bxe4 Bxe4 19. Nxe4 Bxa1 20.
Bg5 f6 21. Rxa1 fxg5 {White forfeits on time} 0-1

[Event "ICCopen2016"]
[Site "Internet Chess Club"]
[Date "2016.06.03"]
[Round "1"]
[White "Aedes"]
[Black "misterNobody"]
[Result "1-0"]
[ICCResult "Black resigns"]
[WhiteElo "2513"]
[BlackElo "1633"]
[Opening "Réti opening"]
[ECO "A04"]
[NIC "QP.11"]
[Time "19:02:53"]
[TimeControl "180+0"]

1. Nf3 a6 2. d4 h6 3. e4 g5 4. Nc3 Bg7 5. Bc4 e6 6. Be3 b5 7. Bb3 b4 8. Ne2
a5 9. a4 Ne7 10. Ng3 Ba6 11. Nh5 Rg8 12. Nxg7+ Rxg7 13. d5 exd5 14. Qd4 Rg8
15. exd5 d6 16. O-O-O Nd7 17. Rde1 Kf8 18. h4 g4 19. Bxh6+ Ke8 20. Nd2 Ne5
21. f4 Nf5 22. Qe4 Ng3 23. Qe3 Nf5 24. Qf2 g3 25. Qg1 Nxh6 26. fxe5 Ng4 27.
exd6+ Kf8 28. dxc7 Qxc7 29. Qd4 Nf2 30. Rhg1 Nd3+ 31. Kb1 Nxe1 32. Rxe1 Re8
33. Rxe8+ Kxe8 34. d6 Qd7 35. Ne4 Rg6 36. Qh8+ {Black resigns} 1-0

[Event "ICCopen2016"]
[Site "Internet Chess Club"]
[Date "2016.06.03"]
[Round "1"]
[White "Shafkat"]
[Black "MaestroASK"]
[Result "0-1"]
[ICCResult "White forfeits on time"]
[WhiteElo "1646"]
[BlackElo "2591"]
[Opening "Robatsch defense: two knights, Suttles variation"]
[ECO "B07"]
[NIC "VO.17"]
[Time "19:02:46"]
[TimeControl "180+0"]

1. e4 d6 2. d4 g6 3. Nc3 c6 4. Nf3 Bg7 5. Be3 e5 6. dxe5 dxe5 7. Qxd8+ Kxd8
8. O-O-O+ Nd7 9. Bc4 f6 10. Kb1 Ke7 11. a3 Bh6 12. Bxh6 Nxh6 13. h3 Nf7 14.
Rd2 Nd6 15. Bb3 Nc5 16. Re1 a5 17. Ba2 b5 18. b4 axb4 19. axb4 Na6 20. Red1
Rd8 21. Kb2 Nxb4 22. Bb3 Nb7 23. Rxd8 Nxd8 24. Ne1 Ne6 25. g3 Na6 26. h4
Nac5 27. Ra1 Rxa1 28. Kxa1 Nd4 29. Bg8 b4 30. Na2 Nxe4 31. Nxb4 Nxf2 32.
Bxh7 Kf7 33. h5 gxh5 34. c3 Ne2 35. Nf3 Bd7 36. c4 Nxg3 37. c5 Nfe4 38. Bxe4
Nxe4 39. Kb2 Nxc5 40. Nh4 f5 41. Kc3 Kf6 42. Kc4 Ne6 43. Na6 e4 44. Nc5 Nxc5
45. Kxc5 f4 46. Kd4 e3 47. Kd3 Kg5 48. Ng2 Kg4 49. Ne1 Bf5+ 50. Ke2 Be4 51.
Nd3 Bxd3+ 52. Kxd3 Kf3 {White forfeits on time} 0-1

[Event "ICCopen2016"]
[Site "Internet Chess Club"]
[Date "2016.06.03"]
[Round "1"]
[White "soumyat"]
[Black "capablance2"]
[Result "1-0"]
[ICCResult "Black forfeits on time"]
[WhiteElo "2045"]
[BlackElo "1273"]
[Opening "Giuoco Piano"]
[ECO "C53"]
[NIC "IG.02"]
[Time "19:03:15"]
[TimeControl "180+0"]

1. e4 e5 2. Nf3 Nc6 3. Bc4 Bc5 4. c3 Nge7 5. O-O O-O 6. Re1 d5 7. exd5 Nxd5
8. d3 Bg4 9. h3 Bh5 10. b4 Bb6 11. b5 Na5 12. Rxe5 Nxc4 13. Rxh5 Nf6 14. Rg5
Nd6 15. Bb2 h6 16. Rg3 Nh5 17. Rg4 f5 18. Qb3+ Kh8 19. Rh4 c5 20. c4 Nf6 21.
Nbd2 Nf7 22. a4 Rc8 23. Nf1 Bc7 24. Ne3 Qd6 25. Nxf5 {Black forfeits on
time} 1-0

[Event "ICCopen2016"]
[Site "Internet Chess Club"]
[Date "2016.06.03"]
[Round "1"]
[White "chessdi"]
[Black "InigoMI"]
[Result "1-0"]
[ICCResult "Black forfeits on time"]
[WhiteElo "2428"]
[BlackElo "1550"]
[Opening "Benko's opening"]
[ECO "A00"]
[NIC "VO.09"]
[Time "19:02:49"]
[TimeControl "180+0"]

1. g3 c5 2. Bg2 Nc6 3. Nf3 e6 4. O-O Nf6 5. b3 d5 6. Bb2 g6 7. e3 Bg7 8. c4
O-O 9. cxd5 exd5 10. d4 cxd4 11. Nxd4 Bg4 12. Qd3 Rc8 13. Nc3 Nxd4 14. Qxd4
Ne4 15. Qb4 Nxc3 16. Qxg4 h5 17. Qf3 d4 18. exd4 Qxd4 19. Rfe1 Qb6 20. h3
Rc7 21. Kh2 Rfc8 22. Re3 {Black forfeits on time} 1-0

[Event "ICCopen2016"]
[Site "Internet Chess Club"]
[Date "2016.06.03"]
[Round "1"]
[White "GodspeedR8"]
[Black "MasterZachary"]
[Result "0-1"]
[ICCResult "White resigns"]
[WhiteElo "1533"]
[BlackElo "2219"]
[Opening "Ruy Lopez: exchange variation"]
[ECO "C68"]
[NIC "RL.08"]
[Time "19:02:56"]
[TimeControl "180+0"]

1. e4 e5 2. Nf3 Nc6 3. Bb5 a6 4. Bxc6 dxc6 5. d3 Qd6 6. O-O f6 7. Nbd2 Bg4
8. h3 Bh5 9. Nc4 Qe6 10. Ne3 O-O-O 11. c3 g5 12. g4 Bg6 13. Nf5 h5 14. Kg2
Nh6 15. Nh2 Qf7 16. f3 Qh7 17. Rh1 hxg4 18. hxg4 Nxf5 19. gxf5 Qh3+ 20. Kf2
Bc5+ 21. Be3 Qh4+ 22. Ke2 Bxe3 23. Kxe3 Qf4+ 24. Ke2 Rxh2+ 25. Rxh2 Qxh2+
26. Ke3 Qf4+ 27. Ke2 Rh8 28. d4 Bf7 29. Kd3 Rh3 30. Kc2 Rxf3 31. b3 Rf2+ 32.
Kb1 Qxe4+ 33. Kc1 Qf4+ 34. Kb1 Rf1 35. Kb2 Rxd1 36. Rxd1 e4 37. c4 Qf2+ 38.
Kc1 e3 39. d5 e2 {White resigns} 0-1

[Event "ICCopen2016"]
[Site "Internet Chess Club"]
[Date "2016.06.03"]
[Round "1"]
[White "talbagels2"]
[Black "CrossShark"]
[Result "0-1"]
[ICCResult "White resigns"]
[WhiteElo "1689"]
[BlackElo "2661"]
[Opening "French: Tarrasch, closed variation"]
[ECO "C05"]
[NIC "FR.17"]
[Time "19:03:12"]
[TimeControl "180+0"]

1. e4 e6 2. d4 d5 3. Nd2 Nf6 4. e5 Nfd7 5. Bd3 c5 6. c3 Nc6 7. Ngf3 g6 8.
O-O Bg7 9. Re1 O-O 10. Nf1 cxd4 11. cxd4 f6 12. exf6 Nxf6 13. Be3 Qb6 14.
Ne5 Qxb2 15. Nxc6 bxc6 16. Rb1 Qa3 17. Bg5 Qd6 18. Bh4 Nh5 19. Bc2 Qf4 20.
Bg3 Nxg3 21. fxg3 Qf2+ 22. Kh1 Bxd4 23. Nd2 e5 24. Nb3 Ba6 25. Nxd4 Qxd4 26.
Qxd4 exd4 27. h4 c5 28. Re7 Rf7 29. Re5 Bc4 30. h5 d3 31. Bd1 Raf8 32. hxg6
Rf1+ 33. Kh2 hxg6 34. Re7 R8f7 35. Rb8+ Kg7 36. Rxf7+ Kxf7 37. Bg4 d2 38.
Rb7+ Kf6 39. Rxa7 Re1 40. Rd7 d4 41. Rd6+ Kg5 42. Bf3 Be2 43. Rd5+ Kh6 44.
g4 d1=Q 45. g5+ Kg7 46. Rd7+ Kf8 47. Bd5 Rf1 48. Rd8+ Ke7 {White resigns}
0-1

[Event "ICCopen2016"]
[Site "Internet Chess Club"]
[Date "2016.06.03"]
[Round "1"]
[White "Towinning"]
[Black "DaveyJones"]
[Result "1-0"]
[ICCResult "Black forfeits on time"]
[WhiteElo "2375"]
[BlackElo "1500"]
[Opening "Dutch"]
[ECO "A80"]
[NIC "HD.12"]
[Time "19:02:52"]
[TimeControl "180+0"]

1. d4 f5 2. Nf3 Nf6 3. Bf4 g6 4. h3 Bg7 5. e3 d6 6. Bd3 O-O 7. Nbd2 Qe8 8.
Bh2 h6 9. c3 Nbd7 10. Qb3+ Kh8 11. O-O-O e5 12. dxe5 dxe5 13. Bc2 a5 14. a3
a4 15. Qc4 c5 16. Rhg1 e4 17. Nh4 b6 18. g4 Ba6 19. Qa2 b5 20. gxf5 Kh7 21.
Nxg6 Rf7 22. Rg2 b4 23. cxb4 cxb4 24. axb4 Rc8 25. Kb1 Bd3 26. Rc1 Bxc2+ 27.
Rxc2 Rxc2 28. Kxc2 Qc8+ 29. Qc4 {Black forfeits on time} 1-0

[Event "ICCopen2016"]
[Site "Internet Chess Club"]
[Date "2016.06.03"]
[Round "1"]
[White "edwspin"]
[Black "vanboy"]
[Result "0-1"]
[ICCResult "White forfeits on time"]
[WhiteElo "1603"]
[BlackElo "2480"]
[Opening "Old Benoni defense"]
[ECO "A43"]
[NIC "OI.09"]
[Time "19:02:47"]
[TimeControl "180+0"]

1. d4 c5 2. d5 d6 3. c4 g6 4. Nc3 Bg7 5. e4 Nf6 6. Bd3 O-O 7. Nf3 e5 8. dxe6
Bxe6 9. O-O Nc6 10. a3 Bg4 11. h3 Bxf3 12. Qxf3 Nd4 13. Qd1 a6 14. Be3 Nd7
15. Bxd4 Bxd4 16. Qc2 Qh4 17. Nd1 Ne5 18. Ne3 Qg5 19. Be2 Bxe3 20. fxe3
Qxe3+ 21. Kh1 Rae8 22. Rfe1 Qg3 23. Qd2 f5 24. Qd5+ Kh8 25. Qxd6 f4 26. Rf1
f3 27. Rxf3 Rxf3 28. Bxf3 Qg5 29. Rf1 Rd8 {White forfeits on time} 0-1

[Event "ICCopen2016"]
[Site "Internet Chess Club"]
[Date "2016.06.03"]
[Round "1"]
[White "HouseOfFun"]
[Black "wolvie"]
[Result "1-0"]
[ICCResult "Black resigns"]
[WhiteElo "2458"]
[BlackElo "1581"]
[Opening "Levitsky attack (Queen's bishop attack)"]
[ECO "D00"]
[NIC "QP.08"]
[Time "19:02:47"]
[TimeControl "180+0"]

1. d4 d5 2. Bg5 Nf6 3. Nd2 Nc6 4. e3 Bf5 5. c3 e6 6. f4 Be7 7. Ngf3 h6 8.
Bh4 O-O 9. Be2 Nb8 10. O-O c5 11. Ne5 Nc6 12. g4 Be4 13. f5 c4 14. Bxf6 Bxf6
15. Nxc6 bxc6 16. Nxe4 dxe4 17. fxe6 fxe6 18. Bxc4 Qd6 19. Qc2 Kh8 20. Qxe4
e5 21. Bd3 Kg8 22. Rad1 exd4 23. Qh7+ Kf7 24. exd4 Ke7 25. Bf5 Kd8 26. Qg6
Kc7 27. Rfe1 Kb6 28. Re6 Qd5 29. Re2 Qf3 30. Rde1 Bh4 31. Be4 Bf2+ 32. Kf1
Qf6 33. Qxf6 Rxf6 34. Rxf2 {Black resigns} 1-0

[Event "ICCopen2016"]
[Site "Internet Chess Club"]
[Date "2016.06.03"]
[Round "1"]
[White "FlashGordon"]
[Black "Parsifal"]
[Result "0-1"]
[ICCResult "White forfeits on time"]
[WhiteElo "1493"]
[BlackElo "2350"]
[Opening "Sicilian: Velimirovic attack"]
[ECO "B89"]
[NIC "SI.26"]
[Time "19:03:47"]
[TimeControl "180+0"]

1. e4 c5 2. Nf3 d6 3. d4 cxd4 4. Nxd4 Nf6 5. Nc3 Nc6 6. Bc4 e6 7. Be3 Be7 8.
Qe2 a6 9. Bb3 O-O 10. O-O-O Qe8 11. g4 Nxd4 12. Bxd4 e5 13. Bb6 Bxg4 14. f3
Be6 15. Rhg1 Kh8 16. Qg2 g6 17. Qg5 Nxe4 18. Qh6 Nxc3 19. bxc3 Rc8 20. Bxe6
fxe6 21. Rg3 Qf7 22. Qh3 Rxc3 23. Kb2 Rc6 24. Be3 Rfc8 25. Rd2 Bf6 26. Bg5
Bg7 27. Qh4 d5 {White forfeits on time} 0-1

[Event "ICCopen2016"]
[Site "Internet Chess Club"]
[Date "2016.06.03"]
[Round "1"]
[White "acash"]
[Black "stoptryharding"]
[Result "0-1"]
[ICCResult "White resigns"]
[WhiteElo "1546"]
[BlackElo "2258"]
[Opening "Trompowsky attack (Ruth, Opocenský opening)"]
[ECO "A45"]
[NIC "QP.07"]
[Time "19:03:34"]
[TimeControl "180+0"]

1. d4 Nf6 2. Bg5 e6 3. e4 h6 4. Bxf6 Qxf6 5. Nf3 d5 6. e5 Qd8 7. Bb5+ c6 8.
Ba4 Qb6 9. Bb3 c5 10. c3 c4 11. Ba4+ Bd7 12. Bxd7+ Nxd7 13. Qc2 Qc6 14. O-O
Be7 15. Nbd2 O-O 16. Rab1 b5 17. b3 Rfc8 18. b4 a5 19. a3 axb4 20. axb4 Ra3
21. Qb2 Rca8 22. Ra1 Qa6 23. Rxa3 Qxa3 24. Qc2 Nb6 25. h3 Qa2 26. Rc1 Qxc2
27. Rxc2 Ra1+ 28. Kh2 Na4 29. g4 g5 30. Kg2 Kg7 31. Ng1 Nxc3 32. Rxc3 Bxb4
33. Rc2 Bxd2 34. Rxd2 b4 35. Ne2 c3 36. Rc2 b3 37. Rxc3 b2 38. Rb3 b1=Q 39.
Rxb1 Rxb1 40. Kg3 Rb3+ 41. Kg2 Rd3 42. f3 Kg6 43. Kf2 f5 44. Kg2 f4 45. Kf2
Kf7 46. h4 Rd1 47. h5 Ke7 48. Kg2 Kd7 49. Kf2 Kc6 50. Kg2 Rd2 51. Kf1 Kb5
52. Nxf4 gxf4 53. g5 hxg5 54. h6 Rh2 {White resigns} 0-1

[Event "ICCopen2016"]
[Site "Internet Chess Club"]
[Date "2016.06.03"]
[Round "1"]
[White "tonto"]
[Black "nurmi"]
[Result "0-1"]
[ICCResult "White resigns"]
[WhiteElo "1443"]
[BlackElo "2288"]
[Opening "Pirc: Ufimtsev-Pytel variation"]
[ECO "B07"]
[NIC "PU.08"]
[Time "19:03:29"]
[TimeControl "180+0"]

1. e4 d6 2. d4 Nf6 3. Nc3 c6 4. Bc4 d5 5. exd5 cxd5 6. Bd3 Nc6 7. Nf3 Bg4 8.
Be3 e6 9. h3 Bh5 10. O-O Be7 11. a3 O-O 12. g4 Bg6 13. Nh4 Bxd3 14. Qxd3
Nxg4 15. hxg4 Bxh4 16. f4 Be7 17. f5 e5 18. dxe5 d4 19. f6 gxf6 20. exf6
Bxf6 21. Bh6 dxc3 22. Qf5 Bd4+ 23. Kg2 Ne7 24. Qe4 Qd5 {White resigns} 0-1

[Event "ICCopen2016"]
[Site "Internet Chess Club"]
[Date "2016.06.03"]
[Round "1"]
[White "josper05"]
[Black "BitsofKoin"]
[Result "0-1"]
[ICCResult "White resigns"]
[WhiteElo "1455"]
[BlackElo "2330"]
[Opening "English: symmetrical variation"]
[ECO "A30"]
[NIC "EO.64"]
[Time "19:04:30"]
[TimeControl "180+0"]

1. c4 c5 2. g3 e6 3. Bg2 d5 4. Nf3 Nf6 5. O-O Be7 6. Na3 O-O 7. d4 Nc6 8.
Bg5 h6 9. Bxf6 Bxf6 10. e3 cxd4 11. Nxd4 Nxd4 12. exd4 dxc4 13. Nxc4 Bxd4
14. Qe2 Bf6 15. Rfd1 Qc7 16. Rac1 Qe7 17. Nd6 Rb8 18. Qb5 Rd8 19. Rxc8 Rbxc8
20. Bxb7 Rb8 21. Qc6 Rxb7 22. Qxb7 Qxb7 23. Nxb7 Rxd1+ 24. Kg2 Rd2
{White resigns}
0-1

[Event "ICCopen2016"]
[Site "Internet Chess Club"]
[Date "2016.06.03"]
[Round "1"]
[White "fearlessone"]
[Black "PaYbAcK"]
[Result "0-1"]
[ICCResult "White checkmated"]
[WhiteElo "1692"]
[BlackElo "2715"]
[Opening "Van't Kruijs opening"]
[ECO "A00"]
[Time "19:03:36"]
[TimeControl "180+0"]

1. e3 g6 2. Ne2 Bg7 3. d3 d5 4. Nd2 c5 5. g3 Nc6 6. Bg2 e5 7. O-O Nge7 8. a3
h5 9. Rb1 h4 10. f3 hxg3 11. hxg3 Bh3 12. Rf2 Qd7 13. Qf1 O-O-O 14. Bxh3
Rxh3 15. Rh2 Rxh2 16. Kxh2 Rh8+ 17. Kg1 Nf5 18. Qf2 Qe7 19. Nf1 e4 20. dxe4
dxe4 21. f4 g5 22. Bd2 gxf4 23. gxf4 Nh4 24. Nh2 Qd7 25. Bc3 Qh3 26. Qg3
Qxg3+ 27. Nxg3 Bxc3 28. bxc3 f5 29. Rd1 Rd8 30. Rxd8+ Kxd8 31. Kf2 Na5 32.
Nh5 Ke7 33. Kg3 Ng6 34. Ng7 Kf6 35. Nh5+ Kf7 36. Kf2 Nc4 37. a4 Nb2 38. a5
Nc4 39. a6 bxa6 40. Ke2 a5 41. Kd1 Nxe3+ 42. Kc1 Nd5 43. Kb2 Ngxf4 44. Nxf4
Nxf4 45. Nf1 Ng2 46. c4 e3 47. Ng3 f4 48. Ne2 f3 49. Ng3 e2 50. Nxe2 fxe2
51. Kb3 e1=Q 52. c3 Qb1+ 53. Ka4 Ne3 54. Kxa5 Nxc4+ 55. Ka4 Ne5 56. Ka5 Nc6+
57. Ka4 c4 58. Ka3 Qb3# {White checkmated} 0-1

[Event "ICCopen2016"]
[Site "Internet Chess Club"]
[Date "2016.06.03"]
[Round "1"]
[White "HPG1947"]
[Black "Sam08"]
[Result "0-1"]
[ICCResult "White forfeits on time"]
[WhiteElo "1613"]
[BlackElo "2486"]
[Opening "Inverted Hanham"]
[ECO "A00"]
[NIC "KP.07"]
[Time "19:02:47"]
[TimeControl "180+0"]

1. d3 e5 2. Nf3 Nc6 3. e4 Nf6 4. Be2 d5 5. Nbd2 Bc5 6. O-O O-O 7. c3 a5 8.
b3 Re8 9. a3 Ba7 10. Bb2 h6 11. b4 Bg4 12. b5 Nb8 13. Ne1 Be6 14. Nc2 Nbd7
15. Ne3 dxe4 16. dxe4 Bxe3 17. fxe3 Nc5 18. Qc2 Bg4 19. Bc4 a4 20. h3 Be6
21. Bxe6 Rxe6 22. Rad1 Qd3 23. Qxd3 Nxd3 24. Ba1 Nc5 25. Nc4 Nfxe4 26. Rd5
f6 27. Rfd1 Nb3 28. Bb2 Kf7 {White forfeits on time} 0-1

[Event "ICCopen2016"]
[Site "Internet Chess Club"]
[Date "2016.06.03"]
[Round "1"]
[White "A4-H5"]
[Black "Creedence"]
[Result "0-1"]
[ICCResult "White resigns"]
[WhiteElo "1878"]
[BlackElo "3131"]
[Opening "Bird: From gambit"]
[ECO "A02"]
[NIC "VO.07"]
[Time "19:03:24"]
[TimeControl "180+0"]

1. f4 e5 2. e3 exf4 3. exf4 d5 4. d4 Nf6 5. Nf3 Bd6 6. Bd3 O-O 7. O-O Re8 8.
Ne5 Ne4 9. Nc3 f5 10. Bxe4 dxe4 11. Nb5 a6 12. Nxd6 cxd6 13. Nc4 Nc6 14. Ne3
d5 15. Qh5 Rf8 16. c3 Be6 17. g4 Qe8 18. Qh3 fxg4 19. Qg3 Qg6 20. Kh1 Ne7
21. Rg1 h5 22. Bd2 Rae8 23. Raf1 b5 24. f5 Nxf5 25. Nxf5 Bxf5 26. Be3 Be6
27. Kg2 Rf3 28. Bf4 Rf8 29. Be5 Qf5 30. Rxf3 exf3+ 31. Kh1 Qe4 32. Qf2 h4
33. Re1 Qd3 34. Qxh4 f2 {White resigns} 0-1

[Event "ICCopen2016"]
[Site "Internet Chess Club"]
[Date "2016.06.03"]
[Round "1"]
[White "NoPrep"]
[Black "DrOussedik"]
[Result "1-0"]
[ICCResult "Black forfeits on time"]
[WhiteElo "2220"]
[BlackElo "1533"]
[Opening "French: exchange variation"]
[ECO "C01"]
[NIC "FR.01"]
[Time "19:03:27"]
[TimeControl "180+0"]

1. e4 e6 2. d4 d5 3. exd5 exd5 4. Bd3 c5 5. dxc5 Bxc5 6. Nf3 Nf6 7. O-O O-O
8. h3 Qd6 9. Nc3 Qg3 10. Ne2 Qc7 11. c3 Nc6 12. Bg5 Ne4 13. Bf4 Qb6 14. Ned4
Nxd4 15. cxd4 Bd6 16. Bxd6 Qxd6 17. Ne5 f6 18. Nc4 Qf4 19. Bxe4 Qxe4 20. Re1
Qg6 21. Ne3 Bxh3 22. Qf3 Be6 23. Rac1 Rac8 24. Qf4 h6 25. Rc7 Rxc7 26. Qxc7
Qf7 27. Rc1 Qxc7 28. Rxc7 Rf7 29. Rc5 Rd7 30. f4 Bf7 31. Kf2 Kh7 32. b4 b6
33. Rc6 Bg6 34. f5 Bf7 35. a4 Bg8 36. a5 bxa5 37. bxa5 Bf7 38. a6 Rd8 39.
Rc7 Bh5 40. g4 Be8 41. Rxa7 Bb5 42. Kf3 Rc8 43. Nxd5 Bc6 44. Ke3 Bxd5 45.
Rd7 Bc6 46. Re7 Ba8 47. Kd3 Rc6 48. a7 Ra6 49. Kc4 {Black forfeits on time}
1-0

[Event "ICCopen2016"]
[Site "Internet Chess Club"]
[Date "2016.06.03"]
[Round "1"]
[White "oriGinal"]
[Black "Bozhenka"]
[Result "0-1"]
[ICCResult "White resigns"]
[WhiteElo "1856"]
[BlackElo "3038"]
[Opening "Queen's pawn: Torre attack"]
[ECO "A45"]
[NIC "QP.04"]
[Time "19:03:43"]
[TimeControl "180+0"]

1. d4 Nf6 2. Bg5 e6 3. Nf3 h6 4. Bh4 g5 5. Bg3 Ne4 6. Be5 f6 7. Bg3 d5 8. c3
c5 9. e3 Qb6 10. b3 Nc6 11. Bd3 Bg7 12. h4 g4 13. Nh2 f5 14. Bf4 e5 15. dxe5
Nxe5 16. Bxe5 Bxe5 17. O-O Be6 18. Bxe4 dxe4 19. Qc2 O-O-O 20. Nd2 Bxh2+ 21.
Kxh2 Qd6+ 22. Kg1 Qxd2 23. Rac1 Qxc2 24. Rxc2 c4 25. b4 Rd3 26. a4 Rhd8 27.
Rfc1 Kd7 28. g3 Kd6 29. Kf1 Ke5 30. Ke2 Bd7 31. b5 Kd6 32. Rb1 Kc5 33. Rb4
Re8 34. b6 axb6 35. Rcb2 Bc6 36. Rxb6 Rxc3 37. a5 Ra3 38. Rc2 Rxa5 39. Rb1
Rd8 40. Rbc1 b5 41. Rd1 Rd3 42. Rb1 b4 43. Rbc1 c3 44. Kf1 Bb5 45. Kg2 Kc4
46. Re1 b3 47. Rcc1 Ra2 48. Rf1 b2 49. Rb1 Kb3 {White resigns} 0-1

[Event "ICCopen2016"]
[Site "Internet Chess Club"]
[Date "2016.06.03"]
[Round "1"]
[White "oskarito"]
[Black "fledermaus"]
[Result "1-0"]
[ICCResult "Black resigns"]
[WhiteElo "2552"]
[BlackElo "1638"]
[Opening "Sicilian: Scheveningen, Tal variation"]
[ECO "B82"]
[NIC "SI.21"]
[Time "19:03:01"]
[TimeControl "180+0"]

1. e4 c5 2. Nf3 e6 3. d4 cxd4 4. Nxd4 Nf6 5. Nc3 d6 6. f4 Nc6 7. Be3 Be7 8.
Qf3 Nxd4 9. Bxd4 O-O 10. O-O-O e5 11. fxe5 Bg4 12. exf6 Bxf3 13. fxe7 Qxe7
14. gxf3 Rac8 15. Rg1 f6 16. Nd5 Qe6 17. Kb1 Rf7 18. Rg3 f5 19. Bh3 Rc4 20.
b3 Rxd4 21. Rxd4 Qe5 22. Rc4 fxe4 23. fxe4 h6 24. Ne3 b5 25. Rc8+ Kh7 26.
Bf5+ Rxf5 27. exf5 d5 28. Rd8 d4 29. Nd1 b4 30. Rd7 {Black resigns} 1-0

[Event "ICCopen2016"]
[Site "Internet Chess Club"]
[Date "2016.06.03"]
[Round "1"]
[White "whiteshark"]
[Black "Schack"]
[Result "1-0"]
[ICCResult "Black resigns"]
[WhiteElo "2682"]
[BlackElo "1692"]
[Opening "French: King's Indian attack"]
[ECO "C00"]
[NIC "FR.02"]
[Time "19:04:37"]
[TimeControl "180+0"]

1. e4 e6 2. d3 d5 3. Nd2 Nf6 4. Ngf3 Bc5 5. c3 O-O 6. e5 Nfd7 7. d4 Bb6 8.
Bd3 c5 9. O-O cxd4 10. cxd4 Nc6 11. Nb3 h6 12. Be3 f6 13. exf6 Nxf6 14. Rc1
Bd7 15. Bb1 Bc7 16. Qd3 Nb4 17. Qd2 a5 18. Bxh6 Bxh2+ 19. Nxh2 gxh6 20. Qxh6
Rf7 21. Rc3 Rg7 22. Rh3 Kf7 23. Nc5 Bb5 24. Re1 Qg8 25. g3 b6 26. Rxe6 Re8
{Black resigns}
1-0

[Event "ICCopen2016"]
[Site "Internet Chess Club"]
[Date "2016.06.03"]
[Round "1"]
[White "huntos"]
[Black "SurferRosa"]
[Result "0-1"]
[ICCResult "White forfeits on time"]
[WhiteElo "1563"]
[BlackElo "2455"]
[Opening "Grünfeld: 5.Bg5"]
[ECO "D91"]
[NIC "GI.08"]
[Time "19:02:38"]
[TimeControl "180+0"]

1. d4 Nf6 2. Nf3 g6 3. c4 Bg7 4. Nc3 d5 5. Bg5 Ne4 6. cxd5 Nxg5 7. Nxg5 e6
8. Nf3 exd5 9. e3 O-O 10. Bd3 c6 11. O-O Qd6 12. Rc1 Nd7 13. Qc2 Nf6 14.
Rfe1 Be6 15. h3 Rfe8 16. Na4 Nd7 17. Nc5 Nxc5 18. Qxc5 Qd7 19. b4 a6 20. a4
Bf8 21. Qc3 Rac8 22. Qb2 b5 23. axb5 axb5 24. Ra1 Bd6 25. Bf1 Qe7 26. Reb1
Bf5 27. Rc1 Bxb4 28. Ra6 Bd7 29. Ne5 Bd6 30. Nxc6 Bxc6 31. Rcxc6 Rxc6 32.
Rxc6 b4 33. g3 h5 34. h4 Kg7 35. Bg2 Qe6 36. Qb3 Ra8 37. Bxd5 Ra1+ 38. Kg2
Qf6 39. Rc2 Ra3 40. Qb2 Be7 41. e4 Kh7 42. e5 Qf5 43. Bxf7 Qxf7
{White forfeits on time}
0-1

[Event "ICCopen2016"]
[Site "Internet Chess Club"]
[Date "2016.06.03"]
[Round "1"]
[White "airantrobo"]
[Black "BrentMusburger"]
[Result "0-1"]
[ICCResult "White resigns"]
[WhiteElo "1536"]
[BlackElo "2422"]
[Opening "Catalan: closed, 5.Nf3"]
[ECO "E06"]
[NIC "CA.05"]
[Time "19:03:10"]
[TimeControl "180+0"]

1. d4 d5 2. c4 e6 3. g3 Nf6 4. Nf3 Be7 5. Bg2 O-O 6. O-O dxc4 7. Qc2 a6 8.
Ne5 Nc6 9. Nxc6 bxc6 10. Bxc6 Rb8 11. e3 Nd5 12. Bxd5 exd5 13. Nd2 Bh3 14.
Re1 Qd7 15. Nf3 Bd6 16. e4 dxe4 17. Qxe4 Rfe8 18. Qh4 Qf5 19. Rxe8+ Rxe8 20.
Bf4 Bxf4 21. Qxf4 Qxf4 22. gxf4 f6 23. Re1 Rxe1+ 24. Nxe1 Kf7 25. f3 Ke6 26.
Kf2 Kd5 27. Ke3 Bf5 28. Ng2 c5 29. dxc5 Kxc5 30. Nh4 Bb1 31. a3 Kb5 32. Ng2
Ka4 33. Ne1 Kb3 34. Kd4 Ba2 35. Ke3 Kxb2 36. Kd2 c3+ 37. Kd1 Bb3+ 38. Ke2
Bc4+ 39. Kd1 c2+ 40. Nxc2 Bb3 41. Kd2 Bxc2 42. a4 Bxa4 {White resigns} 0-1

[Event "ICCopen2016"]
[Site "Internet Chess Club"]
[Date "2016.06.03"]
[Round "1"]
[White "Cramagica"]
[Black "DoctorWho"]
[Result "0-1"]
[ICCResult "White checkmated"]
[WhiteElo "1225"]
[BlackElo "1990"]
[Opening "English opening"]
[ECO "A10"]
[NIC "EO.63"]
[Time "19:03:41"]
[TimeControl "180+0"]

1. c4 b6 2. Nc3 Bb7 3. d4 e6 4. e4 Bb4 5. f4 Bxe4 6. Nf3 Bxc3+ 7. bxc3 Nf6
8. Bd3 Bxd3 9. Qxd3 O-O 10. O-O d5 11. cxd5 Qxd5 12. Ne5 Rd8 13. Re1 b5 14.
Ba3 Nc6 15. Bc5 a6 16. a4 bxa4 17. Rxa4 Nxe5 18. fxe5 Ne8 19. Rxa6 Qxc5 20.
Rxa8 Qd5 21. Rxd8 Qxd8 22. c4 c6 23. c5 Nc7 24. Rf1 Nb5 25. Rf4 Qd5 26. g4
Qa2 27. Qf3 Qb1+ 28. Kg2 Qb2+ 29. Kg3 Nxd4 30. Rxd4 Qxd4 31. Qxc6 Qxe5+ 32.
Kh3 Qe3+ 33. Kh4 Qf2+ 34. Kg5 Qd2+ 35. Kh4 Qxh2+ 36. Kg5 h6# {White
checkmated} 0-1

[Event "ICCopen2016"]
[Site "Internet Chess Club"]
[Date "2016.06.03"]
[Round "1"]
[White "GreyWarden"]
[Black "alan2015"]
[Result "1-0"]
[ICCResult "Black forfeits on time"]
[WhiteElo "1955"]
[BlackElo "1155"]
[Opening "Ruy Lopez: closed defense"]
[ECO "C87"]
[NIC "RL.13"]
[Time "19:02:41"]
[TimeControl "180+0"]

1. e4 e5 2. Nf3 Nc6 3. Bb5 a6 4. Ba4 Nf6 5. O-O Be7 6. Re1 O-O 7. Bxc6 dxc6
8. Nxe5 Qd6 9. d4 Rd8 10. Nf3 Qd7 11. Nc3 c5 12. Be3 cxd4 13. Qxd4 Qg4 14.
Qc4 c6 15. Ne5 Qh5 16. f4 Be6 17. Qa4 b5 18. Qa5 Rdc8 19. f5 Bd7 20. Rad1
Rd8 21. Bb6 Ng4 22. Nxg4 Qxg4 23. Bxd8 Rxd8 24. Qc7 Bh4 25. Rxd7 Rf8 26. Rf1
Bg5 27. Qg3 Qxg3 28. hxg3 Be3+ 29. Kh2 Re8 30. Re1 c5 31. Rxe3 b4 32. Nd5 a5
33. e5 a4 34. e6 fxe6 35. fxe6 b3 36. axb3 axb3 37. cxb3 c4 38. bxc4 h5 39.
e7 {Black forfeits on time} 1-0